 Dungeon Crawl Stone Soup version 0.21-a0-283-g622b906 (webtiles) character file.

38 nikopol the Firebug (level 3, 0/19 HPs)
             Began as a Deep Elf Fire Elementalist on Sept 24, 2017.
             Slain by Sigmund
             ... wielding a +0 scythe
              (10 damage)
             ... on level 2 of the Dungeon.
             The game lasted 00:05:05 (2025 turns).

nikopol the Firebug (Deep Elf Fire Elementalist)    Turns: 2025, Time: 00:05:05

Health: 0/19       AC:  2    Str:  5    XL:     3   Next: 25%
Magic:  7/10       EV: 13    Int: 20    God:
Gold:   51         SH:  0    Dex: 15    Spells: 3/9 levels left

rFire    . . .     SeeInvis .   e - +0 whip (venom)
rCold    . . .     Gourm    .   (no shield)
rNeg     . . .     Faith    .   a - +0 robe
rPois    .         Spirit   .   (no helmet)
rElec    .         Reflect  .   (no cloak)
rCorr    .         Harm     .   (no gloves)
MR       .....                  (no boots)
Stlth    +.........             (no amulet)
HPRegen  0.06/turn              (no ring)
MPRegen  0.12/turn              (no ring)

@: confused
A: no striking features
a: no special abilities


You were on level 2 of the Dungeon.
You were very hungry.

You visited 1 branch of the dungeon, and saw 2 of its levels.

You collected 51 gold pieces.

Inventory:

Hand Weapons
 e - a +0 whip of venom (weapon)
Armour
 a - a +0 robe (worn)
Scrolls
 f - a scroll of enchant armour {unknown}
 g - 5 scrolls of identify {unknown}
 l - a scroll of magic mapping {unknown}
 n - a scroll of teleportation {unknown}
Potions
 h - a potion of haste {unknown}
 i - 2 potions of lignification {unknown}
 j - a potion of berserk rage {unknown}
 k - 2 potions of magic {unknown}
 m - a potion of cancellation {unknown}
 o - a potion of flight {unknown}
Books
 b - a book of Flames

   Spells                             Type                      Level
   a - Flame Tongue                   Conjuration/Fire             1
   b - Throw Flame                    Conjuration/Fire             2
   c - Conjure Flame                  Conjuration/Fire             3
   d - Inner Flame                    Hexes/Fire                   3
   e - Sticky Flame                   Conjuration/Fire             4
   f - Fireball                       Conjuration/Fire             5
Comestibles
 c - a bread ration
 d - a royal jelly


   Skills:
 + Level 0.1 Fighting
 + Level 2.4 Dodging
 + Level 2.6 Stealth
 + Level 3.7 Spellcasting
 + Level 1.3 Conjurations
 + Level 4.1 Fire Magic


You had 3 spell levels left.
You knew the following spells:

 Your Spells              Type           Power        Failure   Level  Hunger
a - Flame Tongue          Conj/Fire      ##...        4%          1    None
b - Throw Flame           Conj/Fire      ##....       6%          2    ##.....
c - Conjure Flame         Conj/Fire      ##......     13%         3    ###....


Dungeon Overview and Level Annotations

Branches:
Dungeon (2/15)

Altars:
Fedhas
Wu Jian

Annotations:
D:2 Sigmund


Message History

Casting: Flame Tongue
Confirm with . or Enter, or press ? or * to list all spells.
Aiming: Conjure Flame
Press: ? - help, Dir - move target cursor The fire ignites!
Sigmund points at you and mumbles some strange words.
You resist with some effort.
Sigmund's eyes start glowing with a red light.
Sigmund casts a spell.
Sigmund flickers and vanishes!
You hear some strange, mumbled words.
You are confused.
You're too confused to cast spells.
You're too confused!
You bump into the rock wall.
A magic dart appears from out of thin air!
The magic dart hits you!
You bump into the rock wall.
Something hits you!
Ouch! That really hurt!
You die...

####### ####.....# #...<..#.#
#.####.#.# #.#.(#.#.#
##########.#..#.#.#############
#.............................#
#.######.#.##.#.#.########..♣.♣
#.# #.#....#@#.# #..#.# #.###
#.######§#.# #####♣.♣.♣# #...#
#.# #.#.#.# #..........
#...####.####.....####....♣.♣.♣#
#...'..............♣.♣..........
#...##......#.#.............♣.♣#
######...##.#.#..♣.♣.♣.♣.####.#
#......#....#......(...♣♣♣♣♣#
#....(.#......#♣+♣.♣.♣.♣♣P.♣##


There were no monsters in sight!

Vanquished Creatures
  2 worms (D:2)
  A dart slug (D:1)
  2 leopard geckos (D:2)
  3 goblins
  3 hobgoblins
  5 kobolds (D:1)
  A ball python (D:2)
  3 bats
  6 frilled lizards
  2 rats
28 creatures vanquished.

Notes
Turn   | Place    | Note
-------+----------+-------------------------------------------
     0 | D:1      | nikopol the Deep Elf Fire Elementalist began the quest for the Orb.
     0 | D:1      | Reached XP level 1. HP: 10/10 MP: 6/6
   320 | D:1      | Reached XP level 2. HP: 15/15 MP: 5/8
   324 | D:1      | Learned a level 2 spell: Throw Flame
   751 | D:1      | Reached skill level 4 in Fire Magic
  1226 | D:2      | Noticed Sigmund
  1271 | D:2      | Found an ornate altar of the Wu Jian Council.
  1271 | D:2      | Found a blossoming altar of Fedhas.
  1418 | D:2      | Reached XP level 3. HP: 19/19 MP: 6/10
  1425 | D:2      | Learned a level 3 spell: Conjure Flame
  2025 | D:2      | Slain by Sigmund

Vault maps used:
D:1:      dpeg_arrival_central
D:2:      chequers_temple_overflow_statue_of_worship, serial_forest,
          infiniplex_forest_lined_4_way, infiniplex_forest_lined_3_way,
          infiniplex_forest_lined_4_way, infiniplex_forest_end_3,
          infiniplex_forest_fountain, infiniplex_forest_straight_4,
          infiniplex_forest_end_1, infiniplex_forest_straight_4,
          grunt_ministairs_9, minmay_shallow_snake_nest, uniq_terence,
          uniq_sigmund

Skill      XL: |  1  2 |
---------------+-------+-----
Fire Magic     | 4 |  4.1
Fighting       | |  0.1
Dodging        | |  2.4
Stealth        | |  2.6
Spellcasting   | |  3.7
Conjurations   | |  1.3

Action                   || total
-------------------------++-------
Melee: Whip              ||     6
 Cast: Flame Tongue      ||    55
       Conjure Flame     ||     2
  Eat: Chunk             ||     2
Armor: Robe              ||     4
Dodge: Dodged            ||    29

Table legend:
 A = Spawn XP
 B = Non-spawn XP
 C = Spawn XP percentage of total XP
 D = Spawn monster count
 E = Non-spawn monster count
 F = Spawn count percentage of total count
 G = Total turns spent on level
                    A         B        C        D         E        F      G
               +---------+---------+-------+---------+---------+-------+---------
         Total |       0 |      55 |   0.0 |       0 |      28 |   0.0 |  2025
               +---------+---------+-------+---------+---------+-------+---------
           D:1 |       0 |      29 |   0.0 |       0 |      17 |   0.0 |  1486
           D:2 |       0 |      26 |   0.0 |       0 |      11 |   0.0 |   539
               +---------+---------+-------+---------+---------+-------+---------
